 Dungeon Crawl Stone Soup version 0.25-a0-251-g572059c536 (webtiles) character file.

Game seed: 10990311611390113808, levelgen mode: deterministic

128 floatRand the Chopper (level 4, -3/33 HPs)
             Began as a Demonspawn Gladiator on Dec 4, 2019.
             Slain by a worm (8 damage)
             ... on level 3 of the Dungeon.
             The game lasted 00:02:38 (2699 turns).

floatRand the Chopper (Demonspawn Gladiator)        Turns: 2699, Time: 00:02:38

Health: -3/33      AC:  6    Str: 20    XL:     4   Next: 86%
Magic:  4/4        EV: 13    Int:  9    God:
Gold:   123        SH:  0    Dex: 15    Spells: 3/3 levels left

rFire    . . .     SeeInvis .   a - +1 war axe
rCold    . . .     Gourm    .   (no shield)
rNeg     . . .     Faith    .   b - +0 leather armour
rPois    .         Spirit   .   c - +0 helmet
rElec    .         Reflect  .   (no cloak)
rCorr    .         Harm     .   o - +1 pair of gloves
MR       .....                  (no boots)
Stlth    +.........             (no amulet)
HPRegen  0.11/turn              (no ring)
MPRegen  0.09/turn              (no ring)

@: confused, mighty
A: foul stench 1, rot immunity
a: no special abilities


You were on level 3 of the Dungeon.
You were hungry.

You visited 1 branch of the dungeon, and saw 3 of its levels.

You collected 123 gold pieces.

Inventory:

Hand Weapons
 a - a +1 war axe (weapon)
Missiles
 d - 3 throwing nets (quivered)
 j - 4 boomerangs
Armour
 b - a +0 leather armour (worn)
 c - a +0 helmet (worn)
 o - a +1 pair of gloves (worn)
Scrolls
 e - 4 scrolls of remove curse
 m - 3 scrolls of teleportation {unknown}
Potions
 k - 2 potions of lignification
 r - a potion of magic {unknown}
Comestibles
 f - 4 rations


   Skills:
 - Level 2.0 Fighting
 * Level 5.1 Axes
 - Level 1.7 Throwing
 - Level 2.6 Dodging


You had 3 spell levels left.
You didn't know any spells.
Your spell library was empty.

Dungeon Overview and Level Annotations

Branches:
Dungeon (3/15)

Altars:

Annotations:
D:3 Sigmund


Innate Abilities, Weirdness & Mutations

You may emit foul miasma when damaged in melee.
You are immune to rotting.


Message History

You feel very mighty all of a sudden. Sigmund casts a spell at you.
You are confused.
Sigmund hits you from afar with a +2 scythe of slicing.
You barely miss the worm.
Sigmund hits you from afar with a +2 scythe of slicing.
The worm bites you!
* * * LOW HITPOINT WARNING * * *
Unknown command.
Unknown command.
You bump into the rock wall.
Unknown command.
You slash the worm!
The worm is almost dead.
Sigmund closely misses you. The worm barely misses you.
You bump into the rock wall.
Sigmund hits you from afar with a +2 scythe of slicing.
* * * LOW HITPOINT WARNING * * *
x2 The worm bites you!
You die...

#.#..........######......#.##.÷
###.#....#...#.##...#####.##.#...
#...#....##>.............#.......
.................................
.......#.##.##.##...####..#......
....................# ##.#....##
...............@....# #.#...###
#.......@#######w##.# #........
#..#..........##@##.# ##..#.###
#..#....w####.##.##.# #..#.#..
...###.#†.###.##.##.# ####..#.#..
##........#.........# #...#.#.#..
####.##.{†.........# #.#.#.#....
#.##.)#.......#.###.#........
#..#...)......#.#............
#..#.......##.#.#.#.#.......)
#..#..........#.#.#.#........


You could see Sigmund and a worm.

Vanquished Creatures
  A scorpion (D:3)
  An adder (D:3)
  3 oozes
  A worm (D:3)
  A leopard gecko (D:1)
  An orc (D:2)
  A ball python (D:1)
  4 giant cockroaches
  6 hobgoblins
  3 jackals (D:1)
  4 kobolds
  A quokka (D:3)
  8 bats
  4 frilled lizards
  5 goblins
  6 rats
50 creatures vanquished.

Notes
Turn   | Place    | Note
-------+----------+-------------------------------------------
     0 | D:1      | floatRand the Demonspawn Gladiator began the quest for the
                  | Orb.
     0 | D:1      | Reached XP level 1. HP: 16/16 MP: 1/1
   302 | D:1      | Reached skill level 3 in Axes
   333 | D:1      | Gained mutation: You are immune to rotting. [demonic
                  | ancestry]
   333 | D:1      | Reached XP level 2. HP: 20/22 MP: 2/2
   832 | D:1      | Gained mutation: You may emit foul miasma when damaged in
                  | melee. [demonic ancestry]
   832 | D:1      | Reached XP level 3. HP: 27/27 MP: 3/3
  1014 | D:1      | Reached skill level 4 in Axes
  2221 | D:3      | Noticed a scorpion
  2238 | D:3      | Killed a scorpion
  2238 | D:3      | Reached XP level 4. HP: 21/33 MP: 4/4
  2381 | D:3      | Reached skill level 5 in Axes
  2577 | D:3      | Noticed Sigmund
  2699 | D:3      | Slain by a worm

Levels and vault maps discovered:
D:1:      sevenhm_arrival_forest_fort_small_3, layout_basic
D:2:      layout_loops_cross, kennysheep_generic_room_6
D:3:      layout_basic, first_ration, minmay_hedge_maze, uniq_sigmund

Skill      XL: |  1  2  3  4 |
---------------+-------------+-----
Axes           | 3 4 5 |  5.1
Fighting       | |  2.0
Throwing       | |  1.7
Dodging        | |  2.6

Action                   |  1- 3 |  4- 6 || total
-------------------------+-------+-------++-------
Melee: War axe           |   113 |    23 ||   136
  Use: Scroll            |       |     7 ||     7
       Potion            |       |     1 ||     1
  Eat: Chunk             |     4 |     1 ||     5
Armor: Leather armour    |    33 |    11 ||    44
Dodge: Dodged            |    92 |    18 ||   110

Table legend:
 A = Non-vault XP
 B = Vault XP
 C = Vault XP percentage of total XP
 D = Non-vault monster count
 E = Vault monster count
 F = Vault count percentage of total count
                 A         B        C        D         E       F
            +---------+---------+-------+---------+---------+-------
      Total |     182 |       1 |   0.5 |      49 |       1 |   2.0
            +---------+---------+-------+---------+---------+-------
        D:1 |      56 |       0 |   0.0 |      27 |       0 |   0.0
        D:2 |      14 |       1 |   6.7 |       9 |       1 |  10.0
        D:3 |     112 |       0 |   0.0 |      13 |       0 |   0.0
            +---------+---------+-------+---------+---------+-------
